 Dungeon Crawl Stone Soup version 0.24.0-35-gdb84b6a5db (webtiles) character file.

Game seed: 1233780825587553083, levelgen mode: deterministic

7620 Emblim88 the Covert (level 10, -1/44 HPs)
             Began as a Spriggan Enchanter on Nov 18, 2019.
             Was a High Priest of Okawaru.
             Slain by a meliai
             ... wielding a +0 war axe
              (9 damage)
             ... on level 9 of the Dungeon on Nov 19, 2019.
             The game lasted 01:28:27 (13332 turns).

Emblim88 the Covert (Spriggan Enchanter)           Turns: 13332, Time: 01:28:27

Health: -1/44      AC:  4    Str:  2 (4)  XL:     10   Next: 98%
Magic:  13/22      EV: 26    Int: 19 (20) God:    Okawaru [*****.]
Gold:   476        SH:  0    Dex: 19 (21) Spells: 11/23 levels left

rFire    x . .     SeeInvis +   l - +0 dagger (venom)
rCold    + . .     Gourm    .   (shield restricted)
rNeg     . . .     Faith    .   b - +0 robe
rPois    +         Spirit   .   O - +1 hat
rElec    +         Reflect  .   B - +0 cloak of the Forest {rElec Dex+4}
rCorr    .         Harm     .   (gloves unavailable)
MR       +....                  (boots unavailable)
Stlth    ++++++....             n - amulet of regeneration
HPRegen  0.54/turn              x - ring of ice
MPRegen  0.18/turn              y - ring of wizardry

@: very quick
A: very small, unfitting armour, claws 1, horns 1, talons 1, see invisible,
herbivore, speed 3, poison resistance, slow metabolism 2
a: Heroism, Finesse, Renounce Religion


You were on level 9 of the Dungeon.
You worshipped Okawaru.
Okawaru was extremely pleased with you.
You were hungry.

You visited 1 branch of the dungeon, and saw 10 of its levels.

You collected 476 gold pieces.

Inventory:

Hand Weapons
 l - a +0 dagger of venom (weapon)
 F - the +6 mace of Action {drain, Int+4}
   (You found it on level 7 of the Dungeon)

   A truly terrible weapon, it drains the life of those it strikes.
   It affects your intelligence (+4).
 N - the +3 hand crossbow "Istre" {velocity, rC+ Dex+3}
   (You found it on level 9 of the Dungeon)

   Any bolt fired from it inflicts extra damage.
   It affects your dexterity (+3).
   It protects you from cold.
Missiles
 g - 84 poisoned darts (quivered)
 v - 97 bolts
Armour
 b - a +0 robe (worn)
 B - the +0 cloak of the Forest (worn) {rElec Dex+4}
   (You found it on level 6 of the Dungeon)

   It affects your dexterity (+4).
   It insulates you from electricity.
 O - a +1 hat (worn)
Jewellery
 n - an amulet of regeneration (around neck)
 x - a ring of ice (left claw)
 y - a ring of wizardry (right claw)
 I - an uncursed ring of protection from cold
 L - an uncursed ring of fire
Wands
 a - a wand of polymorph (6)
 c - a wand of iceblast (3)
 j - a wand of scattershot (2)
 H - a wand of acid (16)
 M - a wand of paralysis (15)
Scrolls
 e - 2 scrolls of noise
 f - 2 scrolls of remove curse
 i - 2 scrolls of teleportation
 o - a scroll of enchant armour
 q - 2 scrolls of fog
 r - a scroll of amnesia
 C - 2 scrolls of magic mapping {unknown}
 E - a scroll of enchant weapon
 K - a scroll of immolation {unknown}
Potions
 h - 2 potions of mutation
 t - 3 potions of lignification
 u - a potion of berserk rage {unknown}
 w - a potion of flight {unknown}
 z - 2 potions of brilliance
Comestibles
 d - 15 rations


   Skills:
 * Level 9.9 Short Blades
 - Level 0.7 Crossbows
 - Level 0.6 Throwing
 - Level 9.2 Dodging
 - Level 13.7 Stealth
 - Level 7.4 Spellcasting
 - Level 4.6 Hexes
 - Level 3.0 Translocations
 - Level 0.5 Ice Magic
 - Level 3.1 Invocations
 - Level 7.2 Evocations


You had 11 spell levels left.
You knew the following spells:

 Your Spells              Type           Power        Failure   Level  Hunger
a - Corona                Hex            ###....      1%          1    None
b - Ensorcelled Hibernat  Hex/Ice        ####..       1%          2    None
c - Confuse               Hex            ###.....     1%          3    #......
d - Tukima's Dance        Hex            ###.....     1%          3    #......
e - Gell's Gravitas       Tloc           ###.......   3%          3    #......

Your spell library contained the following spells:

 Spells                   Type           Power        Failure   Level  Hunger
 Confusing Touch          Hex            ###...       1%          1    None
 Freeze                   Ice            ##..         3%          1    None
 Magic Dart               Conj           #...         4%          1    None
 Dazzling Spray           Conj/Hex       ###...       4%          3    #......
 Throw Frost              Conj/Ice       ##....       5%          2    None
 Searing Ray              Conj           #.....       6%          2    None
 Ozocubu's Armour         Chrm/Ice       ##......     11%         3    #......
 Fulminant Prism          Conj/Hex       ###.......   16%         4    ###....
 Force Lance              Conj/Tloc      ##......     21%         4    ###....
 Summon Ice Beast         Ice/Summ       ##......     32%         4    ###....
 Throw Icicle             Conj/Ice       ##......     32%         4    ###....
 Iskenderun's Mystic Bla  Conj           #.......     34%         4    ###....
 Petrify                  Tmut/Erth      #.......     34%         4    ###....
 Metabolic Englaciation   Hex/Ice        ####......   34%         5    #####..
 Yara's Violent Unravell  Hex/Tmut       ###.......   38%         5    #####..


Dungeon Overview and Level Annotations

Branches:
Dungeon (10/15)            Temple (0/1) D:5
   Lair: D:8-11         Orc: D:9-12

Altars:
Ashenzari
Cheibriados
Elyvilon
Kikubaaqudgha
Makhleb
Okawaru
Qazlal
Sif Muna
Uskayaw
Zin

Shops:
D:4 (   D:7 *

Annotations:
D:3 1 runed translucent door, Johnny's ghost, amateur TrBe
D:10 Josephine


Innate Abilities, Weirdness & Mutations

You are very small and have problems with some larger weapons.
You are too small for most types of armour.
You have supernaturally acute eyesight. (SInv)
You are a herbivore.
You cover ground extremely quickly.
You need to consume almost no food.
You have sharp fingernails.
You have a pair of small horns on your head.
You have sharp toenails.
Your system is resistant to poisons. (rPois)


Message History

Aim: a meliai, wielding a +0 hand axe and wearing a +0 robe (chance to defeat MR: 54%)
You feel a surge of power!
The meliai looks drowsy...
The meliai hits you with a +0 war axe!
* * * LOW HITPOINT WARNING * * *
The meliai barely misses you. The meliai completely misses you.
The meliai barely misses you.
The helpless meliai fails to defend itself.
You perforate the meliai like a sieve!!!!
You kill the meliai!
Okawaru accepts your kill. The meliai completely misses you.
The meliai misses you.
Casting: Ensorcelled Hibernation (safe; 1% risk of failure)
Confirm with . or Enter, or press ? or * to list all spells.
Aiming: Ensorcelled Hibernation (safe; 1% risk of failure)
Press: ? - help, Shift-Dir - straight line, f - meliai
Aim: a meliai, wielding a +0 war axe and wearing a +0 robe (chance to defeat MR: 54%)
You feel a surge of power!
The meliai resists with significant effort.
The meliai completely misses you. The meliai stings you!
You die...

(........#.### #..# ##.>.#..
........##...# ##.###..#...#
#........###.#### #........###
########.###....## ##.....###
#......#..# ###......#
#####.##..##.# #.......##
####.....#..###.###..##.###
#....#.....##...)...#....#
#.#######.#...#@y.#.#.##.#
#.#.....#.#.#####.....##.#
#.#.#.#.#.#######.....##.#
##...#.#...#.......)...##.##
.#####.##########......##..###
##...#.#...###..y....#####...#
.#.#.#.#.#.#...#.##..# ###.#
.#.#.....#.#.##......# #.#
##.#######.#..#.#.##.# #.###


You could see a meliai.

Vanquished Creatures
  A hydra (D:8)
  A manticore (D:9)
  A cyclops (D:9)
  2 meliai (D:9)
  2 dream sheep (D:8)
  A wyvern (D:8)
  8 yaks
  A wraith (D:9)
  2 orc warriors
  3 ice beasts
  A phantom (D:6)
  A sky beast (D:9)
  7 ogres
  2 centaurs
  4 big kobolds
  4 bullfrogs
  A gnoll sergeant (D:5)
  A water moccasin zombie (D:8)
  A scorpion (D:9)
  6 killer bees (D:7)
  A wight (D:6)
  2 howler monkeys
  A vampire bat (D:7)
  2 bullfrog zombies
  4 crimson imps
  4 hounds
  2 centaur skeletons
  5 orc priests
  5 orc wizards
  An iguana (D:5)
  13 worker ants
  A killer bee zombie (D:5)
  2 hound skeletons (D:5)
  2 worker ant zombies
  11 adders
  19 gnolls
  3 shadow imps
  An ooze (D:1)
  2 adder zombies
  4 adder skeletons
  A dart slug (D:2)
  2 leopard geckos
  18 orcs
  2 bat skeletons (D:7)
  3 bat zombies (D:7)
  4 giant cockroaches
  A goblin (D:2)
  4 hobgoblins
  21 jackals
  11 kobolds
  8 quokkas
  A ball python (D:4)
  A ball python skeleton (D:5)
  8 bats
  5 frilled lizards
  A giant cockroach zombie (D:5)
  A jackal zombie (D:6)
  2 leopard gecko skeletons
  4 rats
233 creatures vanquished.

Vanquished Creatures (others)
  2 plants (D:8)
2 creatures vanquished.

Grand Total: 235 creatures vanquished

Notes
Turn   | Place    | Note
-------+----------+-------------------------------------------
     0 | D:1      | Emblim88 the Spriggan Enchanter began the quest for the
                  | Orb.
     0 | D:1      | Reached XP level 1. HP: 9/9 MP: 5/5
   545 | D:1      | Reached XP level 2. HP: 13/13 MP: 7/7
   549 | D:1      | Learned a level 2 spell: Ensorcelled Hibernation
  1251 | D:1      | Reached skill level 5 in Stealth
  1411 | D:2      | Reached XP level 3. HP: 16/16 MP: 5/8
  1416 | D:2      | Learned a level 3 spell: Confuse
  1782 | D:2      | Found an iron altar of Okawaru.
  1848 | D:2      | Reached skill level 1 in Evocations
  1848 | D:2      | Reached XP level 4. HP: 21/21 MP: 0/9
  1932 | D:2      | Became a worshipper of Warmaster Okawaru
  2490 | D:2      | Found a snail-covered altar of Cheibriados.
  2775 | D:3      | Noticed Johnny's ghost (amateur TrBe)
  2780 | D:3      | Found a runed translucent door.
  2798 | D:3      | HP: 1/21 [orc wizard/magic dart (7)]
  2858 | D:4      | Reached XP level 5. HP: 22/24 MP: 8/11
  2885 | D:4      | Noticed an ogre
  3036 | D:3      | Found a shimmering blue altar of Sif Muna.
  3041 | D:3      | Learned a level 3 spell: Tukima's Dance
  3088 | D:3      | HP: 1/24 [gnoll/+0 spear (11)]
  3180 | D:3      | Reached skill level 6 in Stealth
  4024 | D:3      | Reached XP level 6. HP: 26/28 MP: 7/12
  4353 | D:3      | Found a white marble altar of Elyvilon.
  4417 | D:3      | Found a hide-covered altar of Uskayaw.
  4641 | D:4      | Reached skill level 1 in Invocations
  4701 | D:3      | Reached skill level 7 in Stealth
  4822 | D:4      | Reached * piety under Okawaru
  4822 | D:4      | Reached XP level 7. HP: 32/32 MP: 5/14
  5270 | D:4      | Reached skill level 5 in Dodging
  5270 | D:4      | Reached skill level 8 in Stealth
  5429 | D:4      | Found Laittua's Antique Weapon Shop.
  5671 | D:4      | Found a burning altar of Makhleb.
  5784 | D:5      | Entered Level 5 of the Dungeon
  5853 | D:5      | Reached ** piety under Okawaru
  6035 | D:5      | Found a staircase to the Ecumenical Temple.
  6132 | D:5      | Found a shimmering blue altar of Sif Muna.
  6132 | D:5      | Found a shattered altar of Ashenzari.
  6133 | D:5      | Found a stormy altar of Qazlal.
  6150 | D:5      | Reached XP level 8. HP: 36/36 MP: 16/16
  6389 | D:5      | Reached skill level 5 in Spellcasting
  6437 | D:5      | Reached skill level 9 in Stealth
  6643 | D:5      | Found a glowing silver altar of Zin.
  6721 | D:5      | Reached skill level 5 in Short Blades
  7189 | D:6      | Got a shimmering cloak
  7200 | D:6      | Identified the cursed +0 cloak of the Forest {rElec Dex+4}
                  | (You found it on level 6 of the Dungeon)
  7413 | D:6      | Reached skill level 10 in Stealth
  7569 | D:7      | Gained mutation: You have a pair of small horns on your
                  | head. [potion of mutation]
  7569 | D:7      | Gained mutation: Your system is resistant to poisons.
                  | (rPois) [potion of mutation]
  7569 | D:7      | Gained mutation: You have sharp fingernails. [potion of
                  | mutation]
  7569 | D:7      | Gained mutation: You have sharp toenails. [potion of
                  | mutation]
  8014 | D:7      | Reached skill level 5 in Evocations
  8054 | D:7      | Learned a level 3 spell: Gell's Gravitas
  8059 | D:7      | Got a smoking mace
  8156 | D:7      | Found a glowing silver altar of Zin.
  8244 | D:7      | Reached *** piety under Okawaru
  8299 | D:7      | Reached XP level 9. HP: 39/39 MP: 18/18
  8324 | D:7      | Reached skill level 1 in Translocations
  8397 | D:7      | Found Hiburch's General Store.
  8588 | D:7      | Found an ancient bone altar of Kikubaaqudgha.
  9466 | D:7      | Reached skill level 11 in Stealth
 10112 | D:8      | Noticed a two-headed hydra
 10130 | D:8      | Killed a two-headed hydra
 10130 | D:8      | Reached **** piety under Okawaru
 10130 | D:8      | Reached skill level 12 in Stealth
 10130 | D:8      | Reached XP level 10. HP: 44/44 MP: 17/21
 10722 | D:9      | Reached ***** piety under Okawaru
 10792 | D:9      | Reached skill level 13 in Stealth
 10895 | D:9      | Got a faintly glowing hand crossbow
 10896 | D:9      | Identified the +3 hand crossbow "Istre" {velocity, rC+
                  | Dex+3} (You found it on level 9 of the Dungeon)
 11568 | D:9      | Noticed a cyclops
 11629 | D:9      | Noticed a manticore
 11634 | D:9      | Killed a manticore
 11645 | D:9      | Killed a cyclops
 11963 | D:10     | Entered Level 10 of the Dungeon
 11967 | D:10     | Received a gift from Okawaru
 12041 | D:10     | Identified the +6 mace of Action {drain, Int+4} (You found
                  | it on level 7 of the Dungeon)
 12980 | D:10     | Noticed Josephine
 13332 | D:9      | Slain by a meliai

Levels and vault maps discovered:
D:1:      minmay_arrival_glassed_features, layout_basic, serial_forest,
          infiniplex_forest_lined_room_2, infiniplex_forest_clump_long,
          infiniplex_forest_lined_3, infiniplex_forest_lined_room_2,
          infiniplex_forest_straight_2
D:2:      layout_rooms, nicolae_overflow_crystal_walls, old_standard_altar,
          serial_glass, glass_columns_b, glass_columns_c
D:3:      layout_rooms, lemuel_round_altar, eat_drink_and_be_merry_uskayaw,
          hellmonk_ghost_happy_afterlife, led_sif_book
D:4:      layout_loops_cross, makhleb_grotto_becter, serial_shops, shop,
          grunt_ministairs_3
D:5:      layout_basic, chequers_temple_overflow_statue_of_worship,
          minmay_temple_entry_antechambers, first_ration, basic_altar,
          minmay_misc_feat_alley, minmay_fractal_squares_5
D:6:      layout_cave_pools, kennysheep_crisscross, kennysheep_generic_room_6
D:7:      layout_gridville, kennysheep_vampire_church, kennysheep_mini_moat,
          serial_shops, shop
D:8:      layout_basic, hangedman_ranch [blue_anna_fruit_fields],
          kennysheep_generic_room_9
D:9:      layout_rooms, grunt_ministairs_1, minmay_misc_feat_ornament,
          kb_rosetta
D:10:     layout_roguey, dpeg_lair_monsters, uniq_josephine

Skill      XL: |  1  2  3  4  5  6  7  8  9 10 |
---------------+-------------------------------+-----
Spellcasting   | 3 4 5 6 7 |  7.4
Stealth        | 5 6 7 8 10 12 13 | 13.7
Hexes          | 4 |  4.6
Evocations     | 1 2 3 5 6 7 |  7.2
Short Blades   | 2 3 4 6 7 9 |  9.9
Dodging        | 4 5 6 8 9 |  9.2
Invocations    | 1 2 3 |  3.1
Translocations | 3 |  3.0
Crossbows      | |  0.7
Throwing       | |  0.6
Ice Magic      | |  0.5

Action                   |  1- 3 |  4- 6 |  7- 9 | 10-12 || total
-------------------------+-------+-------+-------+-------++-------
Melee: Dagger            |    96 |    86 |   387 |    80 ||   649
       Kick              |       |       |    29 |    17 ||    46
       Headbutt          |       |       |    19 |     7 ||    26
 Fire: Hand crossbow     |       |       |       |    17 ||    17
Throw: Dart              |       |    14 |     3 |     8 ||    25
 Cast: Corona            |     2 |       |       |       ||     2
       Ensorcelled Hiber |    31 |    68 |    75 |    20 ||   194
       Confuse           |       |     1 |    35 |    18 ||    54
       Tukima's Dance    |       |       |     2 |       ||     2
Evoke: Wand              |       |     3 |     6 |     6 ||    15
  Use: Potion            |     2 |     1 |     3 |     6 ||    12
       Scroll            |       |     7 |     1 |     5 ||    13
 Stab: Sleeping          |    19 |    38 |    60 |    16 ||   133
       Distracted        |     1 |     1 |     3 |     1 ||     6
       Confused          |       |       |    17 |     6 ||    23
  Eat: Ration            |       |     3 |     4 |     1 ||     8
Armor: Robe              |    11 |    14 |    31 |     5 ||    61
       Skin              |     6 |       |       |       ||     6
Dodge: Dodged            |    73 |   116 |   354 |   119 ||   662
